 Dungeon Crawl Stone Soup version 0.29-a0-998-g1987434951 (webtiles) character file.

Game seed: 18062965928209518440

46 drpainis the Chopper (level 3, -3/33 HPs)
             Began as a Hill Orc Monk on Aug 6, 2022.
             Slain by a gnoll
             ... wielding a +0 spear
              (6 damage)
             ... on level 2 of the Dungeon.
             The game lasted 00:01:49 (1099 turns).

drpainis the Chopper (Hill Orc Monk)                Turns: 1099, Time: 00:01:50

Health: -3/33      AC:  6    Str: 15    XL:     3   Next: 66%
Magic:  3/3        EV: 10    Int: 10    God:
Gold:   170        SH:  0    Dex: 13    Spells: 2/2 levels left

rFire   . . .      SeeInvis .   a - +0 hand axe
rCold   . . .      Faith    .   (no shield)
rNeg    . . .      Spirit   .   k - +0 scale mail
rPois   .          Reflect  .   (no helmet)
rElec   .          Harm     .   (no cloak)
rCorr   .          Rampage  .   (no gloves)
Will    .....                   (no boots)
Stlth   ..........              (no amulet)
HPRegen 0.11/turn               (no ring)
MPRegen 0.08/turn               (no ring)

@: no status effects
A: no striking features
a: no special abilities


You were on level 2 of the Dungeon.
You visited 1 branch of the dungeon, and saw 2 of its levels.

You collected 170 gold pieces.

Inventory:

Hand Weapons
 a - a +0 hand axe (weapon)
 p - a +1 dagger of protection
Armour
 b - a +0 robe
 e - a +0 ring mail
 f - a +0 ring mail
 k - a +0 scale mail (worn)
Jewellery
 m - an amulet of regeneration
Scrolls
 g - a scroll of teleportation {unknown}
 h - a scroll of identify {unknown}
 i - a scroll of butterflies {unknown}
 j - a scroll of magic mapping {unknown}
 n - a scroll of fear {unknown}
 o - a scroll of poison {unknown}
 q - a scroll of brand weapon {unknown}
 r - a scroll of amnesia {unknown}
Potions
 c - 3 potions of ambrosia
 d - a potion of magic {unknown}
 l - a potion of curing {unknown}


   Skills:
 + Level 4.0 Fighting
 + Level 5.3 Axes
 + Level 0.3 Armour
 + Level 2.6 Dodging
 + Level 1.6 Stealth


You had 2 spell levels left.
You didn't know any spells.
Your spell library contained the following spells:

 Spells                   Type           Power      Damage    Failure   Level
 Apportation              Tloc           0%         N/A       83%         1
 Blink                    Tloc           0%         N/A       93%         2
 Lesser Beckoning         Tloc           0%         N/A       99%         3
 Alistair's Intoxication  Tmut/Pois      0%         N/A       100%        5
 Manifold Assault         Tloc           0%         N/A       100%        5


Dungeon Overview and Level Annotations

Branches:
Dungeon (2/15)

Altars:


Message History

The adder is heavily wounded.
The adder misses you. The gnoll barely misses you.
You barely miss the adder.
The adder is heavily wounded.
The adder closely misses you. The gnoll closely misses you.
The adder barely misses you.
You hit the adder.
The adder is severely wounded.
You barely miss the rat. The adder bites you but does no damage.
The gnoll hits you from afar with a +0 halberd.
The rat barely misses you.
You miss the adder.
The adder is severely wounded.
You hit the rat but do no damage. The adder barely misses you.
The rat barely misses you.
The gnoll hits you from afar with a +0 halberd!
You miss the adder.
The adder is severely wounded.
You hit the rat.
You kill the rat!
The adder closely misses you.
The gnoll hits you from afar with a +0 halberd.
The adder bites you.
You hit the adder.
The adder is almost dead.
The adder bites you but does no damage.
The gnoll hits you from afar with a +0 halberd!
* * * LOW HITPOINT WARNING * * *
You hit the adder.
You kill the adder!
The gnoll closely misses you.
Unknown command.
You barely miss the gnoll.
The gnoll hits you from afar with a +0 spear.
* * * LOW HITPOINT WARNING * * *
The gnoll barely misses you. The gnoll closely misses you.
You hit the gnoll.
The gnoll is lightly wounded.
The gnoll hits you from afar with a +0 spear.
You die...

.#.##............
.................
.#.#.............
.#.##............
<#.###........... .#.#
##.......... .#.#
###.####.## ...# #..#
#..## ...#######.## #.@#
#...........# ##g######.
#.#.#######.####gg......
........................
........#......?..#####.
......# #.........#
...(..#.####..........
.............#.##.>....
......##...###.. .......


You could see 3 gnolls.

Vanquished Creatures
  2 adders (D:2)
  3 ball pythons
  2 endoplasms (D:1)
  2 giant cockroaches
  2 goblins
  2 hobgoblins (D:1)
  2 quokkas
  5 bats
  2 frilled lizards
  2 kobolds
  3 rats
27 creatures vanquished.

Notes
Turn   | Place    | Note
-------+----------+-------------------------------------------
     0 | D:1      | drpainis the Hill Orc Monk began the quest for the Orb.
     0 | D:1      | Reached XP level 1. HP: 19/19 MP: 1/1
    96 | D:1      | Reached XP level 2. HP: 16/27 MP: 2/2
   963 | D:2      | Reached XP level 3. HP: 29/33 MP: 3/3
  1052 | D:2      | Reached skill level 5 in Axes
  1099 | D:2      | Slain by a gnoll

Illustrated notes

Levels and vault maps discovered:
D:1:      dpeg_arrival_tiny_d, layout_basic, fountainhead,
          nicolae_kite_square_tiling_tiny
D:2:      layout_rooms, minmay_misc_feat_encased, uniq_jessica

Skill      XL: |  1  2  3 |
---------------+----------+-----
Fighting       | 4 |  4.0
Axes           | 5 |  5.3
Armour         | |  0.3
Dodging        | |  2.6
Stealth        | |  1.6

Action                   || total
-------------------------++-------
Melee: Hand axe          ||    98
       Punch             ||     3
Armor: Ring mail         ||    29
       Scale mail        ||    34
Dodge: Dodged            ||    92

Table legend: (Time is in decaauts)
 A = Elapsed time spent in this place.
 B = Non-inter-level travel time spent in this place.
 C = Inter-level travel time spent in this place.
 D = Time resting spent in this place.
 E = Time spent auto-exploring this place.
 F = Levels seen in this place.
 G = Mean time per level.
                   A        B        C        D        E       F      G
               +--------+--------+--------+--------+--------+-----+--------+
         Total |   1110 |   1091 |     19 |      0 |    781 |   2 |  555.0 |
       Dungeon |   1110 |   1091 |     19 |      0 |    781 |   2 |  555.0 |
               +--------+--------+--------+--------+--------+-----+--------+

Top non-repeatable levels by time:
     D:1: 894 daAuts
     D:2: 215 daAuts
